 Dungeon Crawl Stone Soup version 0.30.0-30-g96aa6591b8 (webtiles) character file.

Game seed: 12145190892833112234

113107 Peloso the Peltast (level 16, -1/152 HPs)
             Began as a Minotaur Fighter on June 27, 2023.
             Was a High Priest of Okawaru.
             Slain by a fenstrider witch (5 damage)
             ... while paralysed by a fenstrider witch
             ... on level 1 of the Swamp.
             The game lasted 01:10:30 (35422 turns).

Peloso the Peltast (Minotaur Fighter)              Turns: 35422, Time: 01:10:31

Health: -1/152     AC: 26    Str: 26    XL:     16   Next: 13%
Magic:  16/17      EV:  2    Int:  5    God:    Okawaru [*****.]
Gold:   2349       SH:  0    Dex: 13    Spells: 15/15 levels left

rFire   . . .        c - +3 long sword (holy)
rCold   . . .        d - +0 tower shield
rNeg    . . .        J - +0 swamp dragon scales
rPois   +            (helmet restricted)
rElec   .            G - +2 cloak
rCorr   .            y - +0 pair of gloves
SInv    .            u - +1 pair of boots
Will    +....        S - amulet of regeneration
Stlth   +++          e - ring of flight
HPRegen 1.25/turn    m - +4 ring of protection
MPRegen 0.15/turn

%: no passive effects
@: paralysed, mighty, heroic, flying, studying Staves
A: horns 2, retaliatory headbutt
a: Renounce Religion, Heroism, Finesse, Duel


You were on level 1 of the Swamp.
You worshipped Okawaru.
Okawaru was extremely pleased with you.
You visited 5 branches of the dungeon, and saw 24 of its levels.
You also visited: Sewer and Volcano.

You collected 2349 gold pieces.

Inventory:

Hand Weapons
 a - a +1 long sword of protection
 b - a +1 whip of flaming
 c - a +3 long sword of holy wrath (weapon)
Armour
 d - a +0 tower shield (worn)
 k - a +1 plate armour of fire resistance
 u - a +1 pair of boots (worn)
 y - a +0 pair of gloves (worn)
 G - a +2 cloak (worn)
 J - +0 swamp dragon scales (worn)
 L - a +3 chain mail of cold resistance
Jewellery
 e - a ring of flight (left hand)
 m - a +4 ring of protection (right hand)
 q - a ring of ice
 B - a +6 ring of intelligence
 F - a ring of positive energy
 P - a +5 ring of evasion
 S - an amulet of regeneration (around neck)
 T - a +6 ring of intelligence
Wands
 v - a wand of mindburst (7)
 z - a wand of digging (11)
 A - a wand of flame (45)
 C - a wand of iceblast (6)
 I - a wand of polymorph (10)
 R - a wand of acid (10)
Scrolls
 f - 6 scrolls of teleportation
 g - 4 scrolls of enchant weapon
 i - 3 scrolls of enchant armour
 l - a scroll of fear
 r - 6 scrolls of identify
 t - 5 scrolls of fog
 x - a scroll of acquirement
 H - 3 scrolls of brand weapon
 M - a scroll of magic mapping
 N - a scroll of poison
 O - 4 scrolls of amnesia
 Q - a scroll of immolation
 V - a scroll of blinking
Potions
 h - 5 potions of resistance
 j - 8 potions of haste
 n - 6 potions of might
 o - 6 potions of curing
 p - 4 potions of mutation
 s - 4 potions of ambrosia
 w - 6 potions of flight
 D - 2 potions of cancellation
 E - 8 potions of brilliance
 K - a potion of magic
 U - a potion of heal wounds


   Skills:
 + Level 16.6(21.6) Fighting
 + Level 17.3(22.3) Long Blades
 + Level 5.1(10.1) Maces & Flails
 + Level 16.5(21.5) Armour
 + Level 7.0(12.0) Dodging
 + Level 1.9(6.9) Stealth
 + Level 17.5(22.5) Shields
 + Level 3.7 Invocations
 + Level 0.8 Evocations


You had 15 spell levels left.
You didn't know any spells.
Your spell library contained the following spells:

 Spells                   Type           Power      Damage    Failure   Level
 Slow                     Hex            0%         N/A       65%         1
 Blink                    Tloc           0%         N/A       80%         2
 Confusing Touch          Hex            0%         N/A       95%         3
 Gell's Gravitas          Tloc           0%         N/A       95%         3
 Portal Projectile        Hex/Tloc       0%         N/A       95%         3
 Stone Arrow              Conj/Erth      0%         3d7       95%         3
 Teleport Other           Tloc           0%         N/A       95%         3
 Vampiric Draining        Necr           0%         2d6       95%         3
 Volatile Blastmotes      Fire/Tloc      0%         2d10      95%         3
 Fulminant Prism          Conj/Hex       0%         3d5       100%        4
 Iskenderun's Mystic Bla  Conj/Tloc      0%         2d3       100%        4
 Leda's Liquefaction      Hex/Erth       0%         N/A       100%        4
 Manifold Assault         Tloc           0%         N/A       100%        4
 Passage of Golubria      Tloc           0%         N/A       100%        4
 Borgnjor's Vile Clutch   Necr/Erth      0%         N/A       100%        5
 Fireball                 Conj/Fire      0%         3d3       100%        5
 Iskenderun's Battlesphe  Conj           0%         2d6       100%        5
 Lee's Rapid Deconstruct  Erth           0%         3d4*      100%        5
 Silence                  Hex/Air        0%         N/A       100%        5
 Conjure Ball Lightning   Conj/Air       0%         3x3d6     100%        6
 Dispersal                Tloc           0%         N/A       100%        6
 Statue Form              Tmut/Erth      0%         N/A       100%        6
 Orb of Destruction       Conj           0%         9d5       100%        7
 Storm Form               Tmut/Air       0%         N/A       100%        7
 Lehudib's Crystal Spear  Conj/Erth      0%         10d2      100%        8
 Call Canine Familiar     Summ           Unusable   N/A       N/A         3
 Animate Armour           Summ/Erth      Unusable   N/A       N/A         4
 Animate Dead             Necr           Unusable   N/A       N/A         4
 Death Channel            Necr           Unusable   N/A       N/A         6

Dungeon Overview and Level Annotations

Branches:
Dungeon (15/15)            Temple (1/1) D:4            Lair (5/5) D:9
  Swamp (1/4) Lair:2        Snake (0/4) Lair:3        Slime (0/5) Lair:4
    Orc (2/2) D:10            Elf (0/3) Orc:2        Vaults (0/5) D:13
 Depths (0/4) D:15          Sewer (visited)         Volcano (visited)

Altars:
Ashenzari
Cheibriados
Elyvilon
Gozag
Hepliaklqana
Kikubaaqudgha
Makhleb
Nemelex Xobeh
Okawaru
Qazlal
Ru
Sif Muna
Trog
Xom
Yredelemnul
The Shining One
Jiyva

Shops:
Orc:1 !:   Orc:2 ([:(

Annotations:
D:10 3 runed translucent doors, pzskc383's ghost, journeyman GrFi


Innate Abilities, Weirdness & Mutations

You have a pair of horns on your head.
You reflexively headbutt those who attack you in melee.


Message History

You feel sick.
You block the fenstrider witch's attack.
The fenstrider witch kicks you but does no damage.
Unknown command.
You slash the fenstrider witch! You headbutt the fenstrider witch!!
The fenstrider witch is severely wounded.
You feel sick.
You block the fenstrider witch's attack.
The fenstrider witch barely misses you.
Unknown command.
You slash the fenstrider witch!
The fenstrider witch is almost dead.
You feel sick.
The fenstrider witch points at you and mumbles some strange words.
You barely resist.
Unknown command.
You barely miss the fenstrider witch. You headbutt the fenstrider witch.
The fenstrider witch is almost dead.
You feel sick.
The fenstrider witch casts a spell at you.
You suddenly lose the ability to move!
You feel sick. The fenstrider witch hits you!
* * * LOW HITPOINT WARNING * * *
The fenstrider witch kicks you!
* * * LOW HITPOINT WARNING * * *
The fenstrider witch barely misses you. The fenstrider witch kicks you.
* * * LOW HITPOINT WARNING * * *
You feel sick.
The fenstrider witch hits you but does no damage.
The fenstrider witch kicks you!
* * * LOW HITPOINT WARNING * * *
You feel sick.
The fenstrider witch hits you but does no damage.
The fenstrider witch completely misses you.
You feel sick.
You are no longer poisoned.
The fenstrider witch hits you.
* * * LOW HITPOINT WARNING * * *
The fenstrider witch kicks you.
You die...

♣♣..!~... ♣♣ ♣♣~.....~♣
.~♣ ♣.~.~.... .~♣
♣.....~##..
♣♣♣♣♣♣♣♣♣.~.§...#
~♣♣♣♣.~~.~~.♣♣.~...$##
..~.~....~~~.~~..H...#
~~...~♣~~~~~....@....#
~~~~~....~~...#.....##
~~~~~~~~...♣..##....#
..~~~~~~........#.##..♣
...~~~~~...~.~...... ♣♣
....~~~..♣♣~~~.♣♣♣♣♣♣
~....~...♣♣...♣♣
...)!~♣♣♣♣♣♣♣♣♣
.......~♣♣♣


You could see a fenstrider witch.

Vanquished Creatures
  An orc warlord (Orc:2)
  An eleionoma (Swamp:1)
  A bunyip (Swamp:1)
  A red draconian (Volcano)
  The ghost of MartinW the Scorcher, a journeyman DEFE of Vehumet (Lair:4)
  An ettin (Orc:2)
  4 vault guards (D:13)
  Fannar (Lair:1)
  12 hydras
  Harold (D:9)
  3 catoblepae
  6 centaur warriors
  A death knight (D:15)
  A deep troll shaman (Lair:5)
  16 death yaks
  5 two-headed ogres
  A tengu warrior (D:15)
  An orc high priest (Orc:2)
  Urug (Lair:1)
  A spriggan (Swamp:1)
  Amaemon (Lair:1)
  A fire crab (Lair:4)
  3 skysharks (Lair:5)
  12 skeletal warriors
  Pikel (D:7)
  2 deep elf archers
  A phantasmal warrior (Lair:3)
  A necromancer (D:15)
  A wizard (D:15)
  8 orc knights
  3 lindwurms
  4 ugly things
  9 cyclopes
  2 deep elf pyromancers
  5 orc sorcerers
  A moth of wrath (Lair:4)
  4 manticores
  A moth of wrath (shapeshifter) (D:15)
  2 centaur zombies (D:15)
  10 elephants
  Joseph (D:8)
  2 molten gargoyles (Volcano)
  16 cane toads
  A torpor snail (Lair:5)
  5 black mambas
  Maggie (D:8)
  An ice statue (D:14)
  An orange demon (Lair:1)
  3 unseen horrors
  2 tengu conjurers (D:13)
  A yaktaur (Volcano)
  A rime drake (Lair:5)
  14 komodo dragons
  2 freezing wraiths
  10 trolls
  3 polar bears
  4 hornets
  9 saltlings (Orc:2)
  14 blink frogs
  A tyrant leech (Lair:2)
  6 dream sheep (Lair:4)
  3 centaur simulacra (D:15)
  23 slime creatures
  A spriggan (shapeshifter) (D:14)
  2 shadows
  A vampire (D:13)
  7 wyverns
  Eustachio (D:6)
  2 basilisks
  5 fire bats (Volcano)
  A human (Lair:3)
  4 wraiths
  27 yaks
  A steam dragon (D:6)
  3 swamp worms
  3 nagas (Lair:3)
  8 wargs
  17 water moccasins
  14 orc warriors
  3 sky beasts
  3 black bears
  An ice beast (D:7)
  7 wolves
  3 boggarts (D:15)
  7 ogres
  19 centaurs
  4 lemures (D:7)
  A phantom (D:5)
  4 kobold brigands
  14 bullfrogs
  A gnoll sergeant (Orc:1)
  3 wights (D:7)
  7 killer bees (D:11)
  5 howler monkeys
  3 electric eels (Lair:2)
  2 vampire bats (Orc:1)
  9 lava snakes
  9 orc priests
  A jelly (D:7)
  6 hounds
  Crazy Yiuf (D:7)
  Jessica (D:3)
  A gnoll bouda (D:7)
  Terence (D:3)
  5 iguanas
  13 orc wizards
  3 sleepcaps
  Natasha (thrice) (D:4)
  A boggart skeleton (D:15)
  A mummy (D:10)
  7 gnolls
  An orc zombie (D:9)
  7 adders
  2 worms
  2 dart slugs
  51 orcs
  4 endoplasms
  12 giant cockroaches
  8 goblins
  10 hobgoblins
  4 jackals (D:2)
  2 quokkas
  8 ball pythons
  11 bats
  3 frilled lizards
  32 kobolds
  14 rats
673 creatures vanquished.

Vanquished Creatures (others)
  An orc wizard (D:6)
  A kobold (D:9)
2 creatures vanquished.

Grand Total: 675 creatures vanquished

Notes
Turn   | Place    | Note
-------+----------+-------------------------------------------
     0 | D:1      | Peloso the Minotaur Fighter began the quest for the Orb.
     0 | D:1      | Reached XP level 1. HP: 19/19 MP: 0/0
   222 | D:1      | Found a faded altar of an unknown god.
   253 | D:1      | Reached XP level 2. HP: 27/27 MP: 1/1
  1046 | D:2      | Reached XP level 3. HP: 29/33 MP: 2/2
  1748 | D:3      | Noticed Jessica
  1757 | D:3      | Killed Jessica
  1758 | D:3      | Reached XP level 4. HP: 21/41 MP: 3/3
  1968 | D:3      | Noticed Terence
  1974 | D:3      | Killed Terence
  2300 | D:4      | Found a hazy altar of Hepliaklqana.
  2396 | D:4      | Noticed Natasha
  2403 | D:4      | Killed Natasha
  2404 | D:4      | Reached skill level 5 in Long Blades
  2404 | D:4      | Reached XP level 5. HP: 47/47 MP: 4/4
  2484 | D:4      | Found a glowing drain.
  2521 | Sewer    | Entered a sewer
  2818 | Sewer    | Reached skill level 1 in Dodging
  2818 | Sewer    | Reached XP level 6. HP: 19/53 MP: 5/5
  3061 | D:4      | Found a staircase to the Ecumenical Temple.
  3073 | Temple   | Entered the Ecumenical Temple
  3190 | Temple   | Became a worshipper of Warmaster Okawaru
  3239 | D:4      | Reached skill level 5 in Armour
  3243 | D:4      | Reached skill level 5 in Fighting
  3288 | D:4      | Noticed Natasha
  3294 | D:4      | Killed Natasha
  3626 | D:4      | Noticed Natasha
  3638 | D:4      | Killed Natasha
  3735 | D:4      | Reached XP level 7. HP: 39/61 MP: 6/6
  3889 | D:5      | Entered Level 5 of the Dungeon
  4682 | D:5      | Reached * piety under Okawaru
  4705 | D:5      | Reached XP level 8. HP: 52/70 MP: 7/7
  5027 | D:6      | Reached skill level 5 in Shields
  5315 | D:6      | Noticed Eustachio
  5353 | D:6      | Killed Eustachio
  5609 | D:7      | Found a sparkling altar of Nemelex Xobeh.
  5612 | D:7      | Found an ancient bone altar of Kikubaaqudgha.
  5660 | D:7      | Reached ** piety under Okawaru
  6221 | D:7      | Found a white marble altar of Elyvilon.
  6354 | D:8      | Reached XP level 9. HP: 78/78 MP: 8/8
  6452 | D:7      | Reached skill level 10 in Long Blades
  6555 | D:7      | Noticed Pikel
  6597 | D:7      | Killed Pikel
  6948 | D:7      | Reached *** piety under Okawaru
  6979 | D:7      | Found a runed translucent door.
  6980 | D:7      | Noticed Crazy Yiuf
  6998 | D:7      | Killed Crazy Yiuf
  7458 | D:8      | Noticed Joseph
  7479 | D:8      | Killed Joseph
  8068 | D:8      | Noticed Maggie
  8082 | D:8      | Killed Maggie
  8083 | D:8      | Reached XP level 10. HP: 73/90 MP: 7/9
  8226 | D:8      | Reached **** piety under Okawaru
  8351 | D:9      | Noticed a manticore
  8367 | D:9      | Killed a manticore
  8367 | D:9      | Received a gift from Okawaru
  8714 | D:9      | Found a bloodstained altar of Trog.
  8734 | D:9      | Noticed Harold
  8762 | D:9      | Killed Harold
  8892 | D:9      | Found a transporter.
  9141 | D:9      | Found a staircase to the Lair.
  9225 | D:9      | Found a transporter.
  9250 | D:10     | Entered Level 10 of the Dungeon
  9262 | D:10     | Noticed a two-headed ogre
  9272 | D:10     | Killed a two-headed ogre
  9430 | D:10     | Reached ***** piety under Okawaru
  9431 | D:10     | Reached skill level 1 in Invocations
  9540 | D:10     | Reached skill level 10 in Armour
  9639 | D:10     | Found a runed translucent gate.
  9639 | D:10     | Found a runed translucent gate.
  9640 | D:10     | Found a runed translucent gate.
  9640 | D:10     | Noticed pzskc383's ghost (journeyman GrFi)
  9640 | D:10     | Noticed a glowing orange brain
  9643 | D:10     | Found a viscous altar of Jiyva.
  9704 | D:10     | Reached XP level 11. HP: 95/99 MP: 10/10
  9742 | D:10     | Noticed a two-headed ogre
  9752 | D:10     | Killed a two-headed ogre
  9773 | D:10     | Found a snail-covered altar of Cheibriados.
  9791 | D:10     | Found a staircase to the Orcish Mines.
  9866 | D:10     | Reached skill level 10 in Fighting
 10142 | D:11     | Noticed a two-headed ogre
 10149 | D:11     | Killed a two-headed ogre
 10827 | D:11     | Found a white marble altar of Elyvilon.
 10962 | D:11     | Received a gift from Okawaru
 11534 | D:11     | Reached skill level 1 in Stealth
 12563 | D:12     | Noticed a green ugly thing
 12578 | D:13     | Killed a green ugly thing
 12592 | D:13     | Reached XP level 12. HP: 64/110 MP: 8/12
 13141 | Lair:1   | Entered Level 1 of the Lair of Beasts
 13144 | Lair:1   | Identified a scroll of acquirement
 13192 | Lair:1   | Reached skill level 5 in Dodging
 13198 | Lair:1   | Found a dark tunnel.
 13213 | Volcano  | Entered a volcano
 13985 | Volcano  | Found a burning altar of Makhleb.
 13985 | Volcano  | Noticed a centaur warrior
 13999 | Volcano  | Killed a centaur warrior
 14216 | Volcano  | Noticed a red draconian
 14242 | Volcano  | Killed a red draconian
 14243 | Volcano  | Reached skill level 10 in Shields
 14707 | Lair:1   | Noticed Amaemon
 14720 | Lair:1   | Killed Amaemon
 15023 | Lair:1   | Reached skill level 15 in Long Blades
 15269 | Lair:1   | Identified the +7 short sword "Sitecup" {heavy, rN+}
 15437 | Lair:1   | Noticed Fannar
 15851 | Lair:1   | Killed Fannar
 15957 | Lair:1   | Noticed Urug
 15979 | Lair:1   | Killed Urug
 16367 | Lair:2   | Reached XP level 13. HP: 122/122 MP: 13/13
 16702 | Lair:2   | Reached skill level 1 in Maces & Flails
 18621 | Lair:2   | Found a staircase to the Swamp.
 18794 | Lair:2   | Paralysed by a hornet for 3 turns
 19574 | Orc:1    | Entered Level 1 of the Orcish Mines
 19618 | Orc:1    | Found Quilaep's Distillery.
 19857 | Orc:2    | Entered Level 2 of the Orcish Mines
 19975 | Orc:2    | Found a staircase to the Elven Halls.
 20559 | Orc:2    | Received a gift from Okawaru
 20689 | Orc:2    | Noticed an ettin
 20719 | Orc:2    | Killed an ettin
 20754 | Orc:2    | Reached XP level 14. HP: 58/132 MP: 12/15
 20847 | Orc:2    | Noticed an orc warlord
 21598 | Orc:2    | Killed an orc warlord
 21890 | Orc:2    | Reached skill level 15 in Armour
 22168 | Orc:2    | Found Pirear's Weapon Boutique.
 22264 | Orc:2    | Found Fout Lut Uha's Antique Armour Shop.
 22266 | Orc:2    | Found Uwneul's Book Shop.
 22294 | Orc:2    | Found Giosidol's Antique Weapon Emporium.
 22708 | Orc:1    | Found Hugylyh's Vocational Training.
 25386 | D:13     | Found a gate to the Vaults.
 25416 | D:13     | Reached skill level 15 in Fighting
 26882 | Lair:3   | Found a staircase to the Snake Pit.
 27162 | Lair:3   | Found a runed translucent door.
 27421 | Lair:4   | Found a viscous altar of Jiyva.
 27422 | Lair:4   | Found a staircase to the Slime Pits.
 27707 | Lair:4   | Found a transporter.
 27719 | Lair:4   | Found a transporter.
 27736 | Lair:4   | Noticed MartinW's ghost (journeyman DEFE)
 27862 | Lair:4   | Found an ancient bone altar of Kikubaaqudgha.
 28435 | Lair:4   | Reached XP level 15. HP: 119/143 MP: 16/16
 28437 | Lair:4   | Received a gift from Okawaru
 28912 | Lair:5   | Entered Level 5 of the Lair of Beasts
 29090 | Lair:5   | Reached skill level 15 in Shields
 30939 | Lair:5   | Identified the +2 leather armour "Tuh Gor" {Str+3}
 31552 | Lair:4   | HP: 1/144 [lindwurm (9)]
 31563 | Lair:4   | HP: 6/144 [lindwurm (21)]
 32003 | Lair:4   | Killed MartinW's ghost
 33637 | D:15     | Entered Level 15 of the Dungeon
 33827 | D:15     | Reached skill level 5 in Maces & Flails
 33884 | D:15     | Paralysed by an orc sorcerer for 5 turns
 33972 | D:15     | Found a staircase to the Depths.
 34238 | D:15     | Identified the +5 flail of Conversion {heavy, rF++}
                  | (Okawaru gifted it to you on level 15 of the Dungeon)
 34238 | D:15     | Received a gift from Okawaru
 34288 | D:15     | Reached XP level 16. HP: 139/152 MP: 17/17
 35153 | Swamp:1  | Entered Level 1 of the Swamp
 35418 | Swamp:1  | Paralysed by a fenstrider witch for 4 turns
 35420 | Swamp:1  | HP: 7/152 [fenstrider witch (8)]
 35422 | Swamp:1  | Slain by a fenstrider witch

Illustrated notes

Levels and vault maps discovered:
D:1:      kennysheep_arrival_seaside, layout_basic,
          ebering_ecumenical_altar_webs
D:2:      layout_loops_ring, minivault_25, minmay_quadrilaterals
D:3:      layout_basic, uniq_jessica, uniq_terence
D:4:      layout_basic, worldfamousw_hep_ancestral_shrine,
          minmay_temple_entry_junction, gup_sewer_entry_glass, uniq_natasha
D:5:      layout_loops_corners
D:6:      layout_basic, uniq_eustachio
D:7:      layout_basic, mainiacjoe_overflow_boulevard,
          mainiacjoe_overflow_catwalk_spiral, corexii_checkpoint_a,
          minmay_misc_feat_rugged, uniq_crazy_yiuf_cottage, uniq_pikel
D:8:      layout_basic, special_room [special_room_orc], uniq_joseph,
          uniq_maggie
D:9:      gammafunk_cloud_chamber, layout_long_grid, old_standard_altar,
          grunt_lair_entry_orc_guard_hut, uniq_harold
D:10:     layout_rooms, slow_altar_1, orc_0_dummy, gammafunk_ghost_ooze
D:11:     layout_stronghold, elyvilon_altar_5
D:12:     layout_rooms, minmay_tree_intersection
D:13:     layout_gridville, grunt_vaults_entry_fortified
D:14:     lemuel_ice_statue, layout_loops_ring, hangedman_decor_peaks_small
D:15:     grunt_enter_depths_magical_seal, layout_irregular_city,
          corexii_leaking_fountain
Temple:   nicolae_temple_slightly_damp_pantheon
Lair:1:   layout_chaotic_city, nicolae_volcano_entry_lava_flow, uniq_urug,
          uniq_amaemon, uniq_fannar
Lair:2:   cheibrodos_lair_overgrown_chateau, layout_regular_city,
          palyth_hydra_swamp_entry, nicolae_lair_liquid_snakes
Lair:3:   beast_lair_carwin_large_2, layout_misc_corridors,
          nicolae_snake_entry_squirm, pdpol_lair_cabin_in_the_woods
Lair:4:   layout_cave_pods, slime_entry_1, basic_altar,
          gammafunk_ghost_berserking_beasts
Lair:5:   grunt_lair_end_beastmaster, layout_regular_city,
          infiniplex_staircase_pool_2
Swamp:1:  layout_basic_swamp, evilmike_swamp_ruin_house_4,
          nicolae_swamp_spooky_pond
Orc:1:    layout_caves, serial_shops, nicolae_diamond_shop, roderic_batcave,
          nicolae_shop_vocational
Orc:2:    hellmonk_orc_salted, layout_diamond_mine

Skill      XL: |  1  2  3  4  5  6  7  8  9 10 11 12 13 14 15 16 |
---------------+-------------------------------------------------+-----
Armour         | 4 5 6 7 8 10 11 13 14 15 16 | 16.5
Fighting       | 4 5 6 8 9 11 13 14 15 16 | 16.6
Shields        | 4 5 6 7 8 11 12 14 17 | 17.5
Long Blades    | 4 5 6 7 9 11 13 14 15 16 17 | 17.3
Dodging        | 1 2 3 4 5 6 7 |  7.0
Invocations    | 1 2 3 |  3.7
Stealth        | 1 |  1.9
Maces & Flails | 4 5 |  5.1
Evocations     | |  0.8

Action                     |  1- 3 |  4- 6 |  7- 9 | 10-12 | 13-15 | 16-18 || total
---------------------------+-------+-------+-------+-------+-------+-------++-------
  Melee: Long sword        |    91 |   153 |   381 |   843 |  1964 |   123 ||  3555
         Headbutt          |     5 |    24 |    75 |   210 |   638 |    42 ||   994
         Whip              |       |       |       |       |   113 |     6 ||   119
 Invoke: Heroism           |       |       |     3 |    29 |    53 |     2 ||    87
  Evoke: Wand              |       |       |       |     1 |     3 |       ||     4
    Use: Scroll            |     6 |     5 |     5 |    10 |     7 |       ||    33
         Potion            |     5 |       |       |     4 |    12 |     1 ||    22
 Armour: Scale mail        |    46 |    88 |    11 |       |       |       ||   145
         Chain mail        |       |       |   213 |   109 |   171 |    58 ||   551
         Plate armour      |       |       |       |   619 |  1163 |       ||  1782
         Swamp dragon scal |       |       |       |       |       |    13 ||    13
  Dodge: Dodged            |    36 |    83 |   141 |   373 |   709 |    51 ||  1393
  Block: Buckler           |    18 |    38 |    77 |   351 |   365 |       ||   849
         Tower shield      |       |       |       |       |  1152 |   137 ||  1289
